 Dungeon Crawl Stone Soup version 0.31-a0-844-gdc52ec4e09 (webtiles) character file.

Game seed: 10462671406046725721

5749 kae the Severer (level 10, -1/89 HPs)
             Began as a Hill Orc Fighter on Sept 30, 2023.
             Was a Priest of Qazlal.
             Constricted to death by Maurice (8 damage)
             ... on level 9 of the Dungeon.
             The game lasted 00:06:16 (6860 turns).

kae the Severer (Hill Orc Fighter)                  Turns: 6860, Time: 00:06:16

Health: -1/89      AC: 11    Str: 24    XL:     10   Next: 77%
Magic:  15/15      EV:  7    Int:  8    God:    Qazlal [***...]
Gold:   466        SH:  3    Dex: 16    Spells: 9/9 levels left

rFire   . . .        l - +0 battleaxe (freeze)
rCold   . . .        (shield currently unavailable)
rNeg    . . .        b - +0 scale mail
rPois   .            (no helmet)
rElec   .            v - +2 cloak
rCorr   .            (no gloves)
SInv    .            (no boots)
Will    +....        g - amulet of regeneration Stlth
                     D - +6 ring of dexterity
HPRegen 1.14/turn    t - ring of willpower
MPRegen 0.14/turn

%: no passive effects
@: lethally poisoned (-1 -> -1), grasped by roots, constricted
A: no striking features
a: Renounce Religion, Upheaval, Elemental Force


You were on level 9 of the Dungeon.
You worshipped Qazlal.
Qazlal was most pleased with you.
You visited 2 branches of the dungeon, and saw 10 of its levels.
You also visited: Ossuary.

You collected 466 gold pieces.


   Skills:
 + Level 8.3 Fighting
 + Level 15.1 Axes
 + Level 7.6 Armour
 - Level 3.2 Shields
 + Level 7.8 Invocations


You had 9 spell levels left.
You didn't know any spells.
Your spell library contained the following spells:

 Spells                   Type           Power      Damage    Failure   Level
 Apportation              Tloc           0%         N/A       67%         1
 Necrotise                Necr           0%         1d4       67%         1
 Summon Small Mammal      Summ           0%         N/A       67%         1
 Blink                    Tloc           0%         N/A       82%         2
 Lesser Beckoning         Tloc           0%         N/A       82%         2
 Momentum Strike          Conj/Tloc      0%         3d8       82%         2
 Summon Guardian Golem    Hex/Summ       0%         N/A       96%         3
 Summon Forest            Summ/Tloc      0%         N/A       100%        5
 Summon Mana Viper        Hex/Summ       0%         N/A       100%        5
 Summon Cactus Giant      Summ           0%         N/A       100%        6
 Orb of Destruction       Conj           0%         9d5       100%        7
 Spellforged Servitor     Conj/Summ      0%         N/A       100%        7

Inventory:

Hand Weapons
 a - a +1 war axe
 l - a +0 battleaxe of freezing (weapon)
   (You acquired it on level 4 of the Dungeon)
Missiles
 e - 76 stones
 h - 6 boomerangs
 z - 11 poisoned darts
Armour
 b - a +0 scale mail (worn)
 v - a +2 cloak (worn)
   (You found it on level 7 of the Dungeon)
Jewellery
 g - an amulet of regeneration (around neck)
   (You found it on level 1 of the Dungeon)
 t - a ring of willpower (right hand)
   (You found it on level 2 of the Dungeon)
 D - a +6 ring of dexterity (left hand)
   (You found it on level 2 of the Dungeon)
 F - a ring of fire
   (You found it in an ossuary)
 P - a ring of poison resistance
   (You found it on level 7 of the Dungeon)
Wands
 u - a wand of flame (12)
   (You took it off Robin on level 2 of the Dungeon)
Scrolls
 y - 4 scrolls of teleportation {@r4}
 A - 2 scrolls of poison
 B - a scroll of fear
 C - a scroll of immolation {!r!r}
Potions
 d - 3 potions of might
 f - 2 potions of degeneration {!q}
 j - 2 potions of resistance
 k - 2 potions of lignification {unknown}
 m - 8 potions of curing {@q1}
 n - 2 potions of invisibility
 o - a potion of haste {@q3}
 p - 3 potions of brilliance {unknown}
 r - a potion of mutation {unknown}
 s - 5 potions of heal wounds {@q2}
 w - a potion of ambrosia
 x - a potion of enlightenment

Dungeon Overview and Level Annotations

Branches:
Dungeon (9/15) Zot: 26960  Temple (1/1) D:4 Zot: 5978 Ossuary (visited)
   Lair: D:8-11         Orc: D:9-12

Altars:
Ashenzari
Cheibriados
Dithmenos
Elyvilon
Fedhas
Gozag
Hepliaklqana
Kikubaaqudgha
Nemelex Xobeh
Qazlal
Ru
Sif Muna
Trog
Uskayaw
Vehumet
Xom
Zin
The Shining One

Annotations:
D:3 1 runed translucent door, Maratek's ghost, amateur MiFi
D:9 Maurice

#.≈ ≈≈≈ #.8
≈≈≈≈ #.. .....
#)####..#
#..†...#
###..###
#####.#######
#...§.☼.....#
#....@......#
#...........#
#............
#...........#
#........?..#
.............#
###...........#
#...........#


There were no monsters in sight!


Message History

You take 1 damage, and now have 60/88 hp.
You feel very sick.
The killer bee barely misses you. 😮 HP[-2]
You take 2 damage, and now have 58/88 hp.
You barely miss the killer bee. You miss something.
You feel sick.
You hear a shout!
The killer bee barely misses you. Something hits you but does no damage.
The killer bee barely misses you.
You hear a shout! x2; You hear a bellow! x2
You barely miss the killer bee. You hit something. You freeze something.
You feel sick. The killer bee barely misses you.
Something hits you but does no damage. 😮 HP[-1]
You take 1 damage, and now have 57/88 hp.
Unknown command.
You slash the killer bee! You freeze the killer bee.
You closely miss the killer bee. You hit something but do no damage.
You feel sick.
The killer bee stings you but does no damage.
The killer bee closely misses you. Something hits you!
Something steals your amulet of magic regeneration!
The killer bee stings you but does no damage.
The killer bee stings you.
* * * LOW HITPOINT WARNING * * *
You are more poisoned.
The killer bee poisons you! 😨 HP[-15]
You take 15 damage, and now have 42/88 hp.
You barely miss the killer bee. You slice the killer bee!!
You freeze the killer bee.
You kill the killer bee!
Qazlal accepts your kill.
You closely miss something.
You feel sick.
The killer bee stings you but does no damage.
Something hits you.
* * * LOW HITPOINT WARNING * * *
Something steals your staff of conjuration {!a}!
The killer bee stings you but does no damage. 😨 HP[-2]
You take 2 damage, and now have 40/88 hp.
You slash the killer bee! You freeze the killer bee.
You kill the killer bee!
Qazlal accepts your kill.
You closely miss something.
You feel sick. Something hits you.
* * * LOW HITPOINT WARNING * * *
Something steals 51 of your 127 stones!
The killer bee closely misses you. 😨 HP[-4]
You now have 89 max hp (+1).
You take 4 damage, and now have 36/89 hp.
You closely miss the killer bee. You miss something.
You feel sick. The killer bee closely misses you. Something hits you.
* * * LOW HITPOINT WARNING * * *
Something steals your +0 buckler! 😨 HP[-6]
You take 6 damage, and now have 30/89 hp.
You miss the killer bee. Something blocks your attack.
You feel sick. The killer bee stings you!
* * * LOW HITPOINT WARNING * * *
The killer bee stings you but does no damage.
You hear some strange, mumbled words. 😨 HP[-7]
You take 7 damage, and now have 23/89 hp.
Unknown command.
You feel sick.
The killer bee stings you but does no damage.
You block the killer bee's attack.
You miss the killer bee.
You feel sick. The killer bee stings you.
* * * LOW HITPOINT WARNING * * *
The killer bee stings you but does no damage. 😱 HP[-6]
You take 6 damage, and now have 17/89 hp.
Unknown command.
You barely miss the killer bee.
You feel sick.
You hear a shout!
The killer bee stings you.
* * * LOW HITPOINT WARNING * * *
The killer bee stings you!
* * * LOW HITPOINT WARNING * * *
You are more poisoned.
The killer bee poisons you! 😱 HP[-9]
You take 9 damage, and now have 8/89 hp.
You hit the killer bee. You freeze the killer bee.
You feel sick.
The killer bee barely misses you. 😱 HP[-1]
You take 1 damage, and now have 7/89 hp.
Unknown command.
You slash the killer bee! You freeze the killer bee.
You kill the killer bee!
Qazlal accepts your kill.
You feel sick.
You feel sick.
You feel sick.
You hear a zap.
The roots erupt in riotous growth!
The grasping roots grab you!
You are constricted!
You die...

Skill      XL: |  1  2  3  4  5  6  7  8  9 10 |
---------------+-------------------------------+-----
Axes           | 4 5 6 8 9 11 13 14 15 | 15.1
Fighting       | 4 6 8 |  8.3
Invocations    | 2 5 7 |  7.8
Armour         | 4 6 7 |  7.6
Shields        | |  3.2

Action                     |  1- 3 |  4- 6 |  7- 9 | 10-12 || total
---------------------------+-------+-------+-------+-------++-------
  Melee: War axe           |    78 |   178 |    69 |       ||   325
         Battleaxe         |       |       |   167 |   169 ||   336
    Use: Scroll            |       |     5 |    12 |     1 ||    18
 Armour: Scale mail        |    50 |   146 |   200 |   141 ||   537
  Dodge: Dodged            |    36 |    66 |   106 |    79 ||   287
  Block: Buckler           |    13 |    29 |    18 |       ||    60
         Other             |       |       |     1 |    19 ||    20

Levels and vault maps discovered:
D:1:      wheals_arrival_linesprint, layout_basic,
          chequers_ecumenical_altar_grove, st_stairs_9, serial_park_tiny_2
D:2:      layout_basic, uniq_robin
D:3:      corexii_shack_village, layout_loops_cross, amcnicky_altar_gilded,
          mainiacjoe_overflow_six_doors_small, ebering_ghost_inner_flame
D:4:      layout_loops_cross, minmay_temple_entry_gardened_gates,
          nicolae_ossuary_entry_monument, st_stairs_10
D:5:      layout_loops_corners, vehumet_crystals
D:6:      layout_loops_cross, gammafunk_temple_overflow_pools, serial_glass,
          glass_columns_c, glass_columns_c, due_unseen_surprise, uniq_eustachio
D:7:      layout_loops_ring
D:8:      corexii_shantytown, layout_basic, amcnicky_mini_pool_medium,
          uniq_jeremiah
D:9:      layout_roguey, general_overflow_altar, lair_entry_dummy, erik_orc_2,
          uniq_maurice
Temple:   nicolae_temple_god_jail

Notes
Turn   | Place    | Note
-------+----------+-------------------------------------------
     0 | D:1      | kae the Hill Orc Fighter began the quest for the Orb.
     0 | D:1      | Reached XP level 1. HP: 19/19 MP: 1/1
     0 | D:1      | magus.rc [v1.11.3]
    75 | D:1      | Reached skill level 3 in Axes
   113 | D:1      | Reached skill level 4 in Axes
   113 | D:1      | Reached XP level 2. HP: 26/26 MP: 2/2
   227 | D:1      | Reached XP level 3. HP: 21/31 MP: 3/3
   237 | D:1      | You pick up a book of Spatial Translocations and begin
                  | reading...
   237 | D:1      | You add the spells Blink, Momentum Strike and Lesser
                  | Beckoning to your library.
   477 | D:1      | Found a faded altar of an unknown god.
   726 | D:1      | Reached skill level 5 in Axes
  1140 | D:2      | Reached XP level 4. HP: 30/39 MP: 4/4
  1289 | D:2      | Reached skill level 6 in Axes
  1348 | D:2      | Noticed Robin
  1362 | D:2      | Killed Robin
  1747 | D:3      | Reached XP level 5. HP: 41/45 MP: 5/5
  1816 | D:3      | Found a sacrificial altar of Ru.
  2073 | D:3      | Reached skill level 7 in Axes
  2178 | D:3      | Found a broken altar of Ashenzari.
  2236 | D:3      | Found a runed translucent door.
  2238 | D:3      | Noticed Maratek's ghost (amateur MiFi)
  2575 | D:4      | Found a sand-covered staircase.
  2584 | Ossuary  | Entered an ossuary
  2615 | Ossuary  | Reached skill level 8 in Axes
  2615 | Ossuary  | Reached XP level 6. HP: 44/51 MP: 6/6
  2659 | Ossuary  | Reached skill level 9 in Axes
  2690 | Ossuary  | Reached XP level 7. HP: 41/57 MP: 7/7
  2762 | Ossuary  | Reached skill level 10 in Axes
  2824 | Ossuary  | Reached skill level 11 in Axes
  2888 | Ossuary  | Reached XP level 8. HP: 64/64 MP: 8/8
  2891 | Ossuary  | Reached skill level 12 in Axes
  2986 | D:4      | Identified a scroll of acquirement
  2986 | D:4      | Acquired a +0 battleaxe of freezing
  3067 | D:4      | You pick up a book of Cantrips and begin reading...
  3067 | D:4      | You add the spells Necrotise, Summon Small Mammal and
                  | Apportation to your library.
  3228 | D:4      | Found a staircase to the Ecumenical Temple.
  3237 | Temple   | Entered the Ecumenical Temple
  3249 | Temple   | Became a worshipper of Qazlal Stormbringer
  3386 | D:4      | Reached skill level 13 in Axes
  3446 | D:5      | Entered Level 5 of the Dungeon
  3454 | D:5      | Reached skill level 4 in Fighting
  3454 | D:5      | Reached skill level 1 in Invocations
  3565 | D:5      | Reached skill level 4 in Armour
  3673 | D:5      | Reached skill level 2 in Invocations
  3677 | D:5      | Reached XP level 9. HP: 49/72 MP: 10/10
  3941 | D:5      | Reached skill level 3 in Invocations
  4058 | D:5      | Reached skill level 5 in Fighting
  4155 | D:5      | Reached * piety under Qazlal
  4185 | D:5      | Found a radiant altar of Vehumet.
  4204 | D:5      | Reached skill level 5 in Armour
  4204 | D:5      | Reached skill level 4 in Invocations
  4791 | D:6      | Reached skill level 6 in Fighting
  4912 | D:6      | Reached skill level 14 in Axes
  4912 | D:6      | Reached skill level 5 in Invocations
  5119 | D:6      | You pick up a book of Dangerous Friends and begin
                  | reading...
  5119 | D:6      | You add the spells Summon Guardian Golem, Orb of
                  | Destruction and Spellforged Servitor to your library.
  5123 | D:6      | Noticed Eustachio
  5129 | D:6      | Killed Eustachio
  5154 | D:6      | Found an opulent altar of Gozag.
  5154 | D:6      | Found a hide-covered altar of Uskayaw.
  5508 | D:7      | Noticed a hornet
  5515 | D:7      | Paralysed by a hornet for 1 turns
  5518 | D:7      | Killed a hornet
  5519 | D:7      | Reached skill level 6 in Armour
  5628 | D:7      | You pick up a book of the Wilderness and begin reading...
  5628 | D:7      | You add the spells Summon Forest, Summon Mana Viper and
                  | Summon Cactus Giant to your library.
  5659 | D:7      | Reached XP level 10. HP: 84/84 MP: 14/14
  5735 | D:7      | Reached skill level 6 in Invocations
  5855 | D:7      | Reached skill level 7 in Fighting
  5998 | D:8      | Reached ** piety under Qazlal
  6230 | D:8      | Reached skill level 7 in Armour
  6230 | D:8      | Reached skill level 7 in Invocations
  6545 | D:8      | Noticed Jeremiah
  6550 | D:8      | Killed Jeremiah
  6551 | D:8      | Reached skill level 8 in Fighting
  6823 | D:9      | Noticed Maurice
  6825 | D:9      | Reached skill level 15 in Axes
  6833 | D:9      | Reached *** piety under Qazlal
  6849 | D:9      | Something stole an amulet of magic regeneration
  6850 | D:9      | Something stole a staff of conjuration {!a}
  6851 | D:9      | Something stole 127 stones
  6852 | D:9      | Something stole a +0 buckler
  6855 | D:9      | HP: 17/89 [killer bee (6)]
  6856 | D:9      | HP: 8/89 [killer bee (8)]
  6860 | D:9      | Constricted to death by Maurice

Vanquished Creatures
  Jeremiah (D:8)
  A troll (D:9)
  A hornet (D:7)
  4 yaks (D:8)
  Eustachio (D:6)
  A steam dragon (D:8)
  4 orc warriors
  A black bear (D:8)
  6 ice beasts
  4 ogres
  2 centaurs
  2 phantoms
  3 bullfrogs
  2 gnoll sergeants (D:5)
  12 scorpions
  A wight (D:8)
  6 killer bees
  An electric eel (D:8)
  4 centaur zombies (Ossuary)
  4 orc priests
  4 hounds
  5 scorpion zombies (Ossuary)
  2 iguanas
  6 orc wizards
  3 sleepcaps
  3 mummies (Ossuary)
  Robin (D:2)
  14 gnolls
  9 adders
  A shadow imp (D:6)
  2 white imps (D:6)
  2 ufetubi
  A worm (D:2)
  2 dart slugs
  36 orcs
  A ball python (D:1)
  8 bats
  4 endoplasms
  6 giant cockroaches
  2 gnoll zombies (Ossuary)
  20 goblins
  16 hobgoblins
  4 jackals (D:5)
  A quokka (D:1)
  A frilled lizard (D:3)
  3 goblin zombies (Ossuary)
  23 kobolds
  2 kobold zombies (Ossuary)
  3 orc zombies (Ossuary)
  2 rats
248 creatures vanquished.

Vanquished Creatures (others)
  An orc wizard (D:8)
  An orc (D:8)
2 creatures vanquished.

Grand Total: 250 creatures vanquished

Table legend:
 A = Non-vault XP
 B = Vault XP
 C = Vault XP percentage of total XP
 D = Non-vault monster count
 E = Vault monster count
 F = Vault count percentage of total count
                 A         B        C        D         E       F
            +---------+---------+-------+---------+---------+-------
      Total |    5946 |    2267 |  27.6 |     159 |      89 |  35.9
            +---------+---------+-------+---------+---------+-------
        D:1 |      37 |      16 |  30.2 |      12 |       2 |  14.3
        D:2 |      79 |      29 |  26.9 |      22 |       8 |  26.7
        D:3 |      36 |      17 |  32.1 |      19 |       8 |  29.6
        D:4 |     421 |      38 |   8.3 |      15 |       2 |  11.8
        D:5 |    1315 |       0 |   0.0 |      34 |       0 |   0.0
        D:6 |     889 |     185 |  17.2 |      19 |       1 |   5.0
        D:7 |     705 |       0 |   0.0 |       6 |       0 |   0.0
        D:8 |    1853 |     777 |  29.5 |      26 |      36 |  58.1
        D:9 |     611 |      35 |   5.4 |       6 |       1 |  14.3
    Ossuary |       0 |    1170 | 100.0 |       0 |      31 | 100.0
            +---------+---------+-------+---------+---------+-------

Skill      XL: |  1  2  3  4  5  6  7  8  9 10 |
---------------+-------------------------------+-----
Axes           | 4 5 6 8 9 11 13 14 15 | 15.1
Fighting       | 4 6 8 |  8.3
Invocations    | 2 5 7 |  7.8
Armour         | 4 6 7 |  7.6
Shields        | |  3.2

Action                     |  1- 3 |  4- 6 |  7- 9 | 10-12 || total
---------------------------+-------+-------+-------+-------++-------
  Melee: War axe           |    78 |   178 |    69 |       ||   325
         Battleaxe         |       |       |   167 |   169 ||   336
    Use: Scroll            |       |     5 |    12 |     1 ||    18
 Armour: Scale mail        |    50 |   146 |   200 |   141 ||   537
  Dodge: Dodged            |    36 |    66 |   106 |    79 ||   287
  Block: Buckler           |    13 |    29 |    18 |       ||    60
         Other             |       |       |     1 |    19 ||    20

Illustrated notes

Table legend:
 A = Kills in this place as a percentage of kills in the entire game.
 B = Kills by you in this place as a percentage of kills by you in the entire game.
 C = Kills by friends in this place as a percentage of kills by friends in the entire game.
 D = Other kills in this place as a percentage of other kills in the entire game.
 E = Experience gained in this place as a percentage of experience gained in the entire game.
 F = Experience gained in this place divided by the number of levels of this place that you have seen.
                   A       B       C       D       E      F
               +-------+-------+-------+-------+-------+----------------------
         Total | 100.0 | 100.0 |   N/A |   N/A | 100.0 | 746.6
       Dungeon |  87.5 |  87.5 |   N/A |   N/A |  85.8 | 782.6
       Ossuary |  12.5 |  12.5 |   N/A |   N/A |  14.2 | 1170.0
               +-------+-------+-------+-------+-------+----------------------

Table legend: (Time is in decaauts)
 A = Elapsed time spent in this place.
 B = Non-inter-level travel time spent in this place.
 C = Inter-level travel time spent in this place.
 D = Time resting spent in this place.
 E = Time spent auto-exploring this place.
 F = Levels seen in this place.
 G = Mean time per level.
                   A        B        C        D        E       F      G
               +--------+--------+--------+--------+--------+-----+--------+
         Total |   6916 |   6624 |    292 |    225 |   5060 |  11 |  628.7 |
       Dungeon |   6489 |   6207 |    282 |    193 |   4889 |   9 |  721.0 |
        Temple |     21 |     12 |      9 |      0 |      0 |   1 |   21.0 |
       Ossuary |    405 |    405 |      0 |     32 |    171 |   1 |  405.0 |
               +--------+--------+--------+--------+--------+-----+--------+

Top non-repeatable levels by time:
     D:5: 1089 daAuts
     D:1: 1021 daAuts
     D:8: 849 daAuts
     D:6: 820 daAuts
     D:3: 780 daAuts
     D:2: 721 daAuts
     D:7: 614 daAuts
     D:4: 555 daAuts
 Ossuary: 405 daAuts
     D:9: 38 daAuts
  Temple: 21 daAuts
